[Event "Netanya Open 2019"]
[Site "Netanya"]
[Date "2019.06.27"]
[Round "5.27"]
[White "Friedland, Moshe"]
[Black "Sokolovsky, Yahli"]
[Result "1-0"]
[ECO "C54"]
[WhiteElo "2298"]
[BlackElo "2074"]
[Annotator "NA"]
[PlyCount "91"]
[EventDate "2019.06.23"]
[EventType "swiss"]
[EventCountry "ISR"]
[SourceTitle "playchess.com"]
[Source "ChessBase"]
[SourceQuality "1"]
[TimeControl "40/5400+30:1800+30"]

1. e4 e5 2. Nf3 Nc6 3. Bc4 Bc5 4. c3 Nf6 5. d4 exd4 6. e5 d5 7. Bb5 Ne4 8. cxd4 Bb4+ 9. Bd2 Nxd2 10. Nbxd2 O-O 11. O-O Ne7 12. a3 Bxd2 13. Qxd2 f6 14. Rae1 fxe5 15. Nxe5 Bf5 16. g4 c6 17. Ba4 Bg6 18. h4 Be8 19. h5 Qd6 20. Qe3 Nc8 21. Bc2 Nb6 22. b3 Nd7 23. f4 c5 24. g5 Nxe5 25. dxe5 Qb6 26. g6 hxg6 27. hxg6 Bxg6 28. f5 Bh7 29. Rf2 c4 30. Qg5 Bxf5 31. Bxf5 cxb3 32. Qg6 Qxg6+ 33. Bxg6 Rxf2 34. Kxf2 Kf8 35. Rb1 Ke7 36. Rxb3 Ke6 37. Rxb7 Kxe5 38. Ke3 a5 39. Rb5 Ra7 40. Be4 a4 41. Rxd5+ Ke6 42. Rc5 Kf6 43. Kf4 Rd7 44. Rc6+ Kf7 45. Ra6 Rd4 46. Ke5 1-0

[Event "Netanya Open 2019"]
[Site "Netanya"]
[Date "2019.06.27"]
[Round "5.28"]
[White "Volkov, Yuri"]
[Black "Poleg, Dan"]
[Result "0-1"]
[ECO "A48"]
[WhiteElo "1886"]
[BlackElo "2271"]
[Annotator "NA"]
[PlyCount "86"]
[EventDate "2019.06.23"]
[EventType "swiss"]
[EventCountry "ISR"]
[SourceTitle "playchess.com"]
[Source "ChessBase"]
[SourceQuality "1"]
[TimeControl "40/5400+30:1800+30"]

1. d4 Nf6 2. Nf3 g6 3. Bg5 Bg7 4. Nbd2 d6 5. e3 O-O 6. h3 Nbd7 7. Be2 c5 8. c3 b6 9. O-O Bb7 10. a4 Qc7 11. a5 Rad8 12. axb6 axb6 13. Qb3 Ra8 14. Bxf6 Bxf6 15. Bc4 e6 16. e4 Bg7 17. Bd3 Rfb8 18. Rfe1 b5 19. Qc2 Qb6 20. e5 Rxa1 21. Rxa1 cxd4 22. cxd4 dxe5 23. dxe5 Nxe5 24. Nxe5 Bxe5 25. Nf3 Bxf3 26. gxf3 Qd4 27. Bf1 b4 28. Qe4 Qxb2 29. Ra8 Rxa8 30. Qxa8+ Kg7 31. Qe4 Bd4 32. Qe2 Qxe2 33. Bxe2 b3 34. Bc4 b2 35. Bd3 g5 36. Kg2 f5 37. Kg3 Kf6 38. f4 gxf4+ 39. Kxf4 Bxf2 40. Kf3 Bd4 41. Ke2 e5 42. Bb1 e4 43. Bc2 Ke5 0-1

[Event "Netanya Open 2019"]
[Site "Netanya"]
[Date "2019.06.27"]
[Round "5.29"]
[White "Kushnir, Arie"]
[Black "Cohen Revivo, Shoham"]
[Result "0-1"]
[WhiteElo "1662"]
[BlackElo "2225"]
[PlyCount "96"]
[EventDate "2019.06.23"]
[EventType "swiss"]
[EventRounds "9"]
[EventCountry "ISR"]
[TimeControl "40/5400+30:1800+30"]

1. e4 c5 2. Nf3 Nc6 3. Bb5 g6 4. O-O Bg7 5. Re1 e5 6. d3 Nge7 7. c3 a6 8. Ba4 b5 9. Bc2 O-O 10. Bg5 d6 11. Qc1 Bg4 12. Bd1 Be6 13. Bh6 f6 14. Na3 Qd7 15. Nc2 d5 16. d4 dxe4 17. Rxe4 Bxh6 18. Qxh6 Nf5 19. Qd2 Rad8 20. Qe1 cxd4 21. cxd4 Bd5 22. Rg4 Bxf3 23. Bxf3 Ncxd4 24. Be4 Nxc2 25. Bxc2 Nd4 26. Bd1 Nc2 27. Rxg6+ hxg6 28. Bxc2 Qg4 29. h3 Qg5 30. Qe4 Rd2 31. Re1 Rfd8 32. f4 exf4 33. Bb3+ Kh8 34. Qc6 Rf8 35. Re7 f3 36. Qxf3 Qc5+ 37. Re3 Rd3 38. Kf2 Qd4 39. Ke2 Rd2+ 40. Kf1 Rxb2 41. Re1 Rd2 42. Re4 Qd3+ 43. Ke1 Qxf3 44. gxf3 Rh2 45. Be6 f5 46. Rh4+ Kg7 47. Bd5 Rd8 48. Bb3 Rd3 0-1

[Event "Netanya Open 2019"]
[Site "Netanya"]
[Date "2019.06.27"]
[Round "5.30"]
[White "Aleksikov, Oleksandr"]
[Black "Tsyn, Igor"]
[Result "1-0"]
[WhiteElo "2234"]
[BlackElo "2002"]
[PlyCount "125"]
[EventDate "2019.06.23"]
[EventType "swiss"]
[EventRounds "9"]
[EventCountry "ISR"]
[TimeControl "40/5400+30:1800+30"]

1. e4 e6 2. d4 d5 3. Nc3 Bb4 4. e5 Ne7 5. a3 Bxc3+ 6. bxc3 c5 7. a4 Qc7 8. Nf3 b6 9. Bb5+ Nd7 10. h4 a6 11. Bd3 f6 12. Bf4 c4 13. Bf1 O-O 14. Qd2 fxe5 15. Nxe5 Nxe5 16. Bxe5 Qd7 17. Be2 Ng6 18. Bg3 Nh8 19. Bg4 Qe7 20. O-O Bd7 21. Rfe1 Nf7 22. Qe3 Rae8 23. Bh5 Rc8 24. Bf3 Qf6 25. Re2 Nh6 26. Qg5 Nf5 27. Be5 Qh6 28. Qxh6 Nxh6 29. Kh2 Rfe8 30. g3 Kf7 31. Bh5+ g6 32. Bf3 Ng8 33. Kg1 Nf6 34. Bd6 Rc6 35. Bf4 Rcc8 36. Bg2 Nh5 37. Be5 Ng7 38. Bf3 Kg8 39. Kg2 Kf7 40. Bg4 Kg8 41. Bd6 Rc6 42. Bf4 Rcc8 43. Ree1 Kf7 44. Be5 Rg8 45. Kf1 Rge8 46. Ke2 Nf5 47. h5 g5 48. Kd2 Nh6 49. Be2 Ke7 50. Reb1 b5 51. axb5 axb5 52. Ra7 Ra8 53. Rba1 Rxa7 54. Rxa7 Nf7 55. Bc7 Kf6 56. Bg4 Rc8 57. Bh3 Bc6 58. Bb6 Be8 59. Bc5 Rc6 60. Be7+ Kg7 61. Bxg5 h6 62. Be7 Kg8 63. Ra8 1-0

[Event "Netanya Open 2019"]
[Site "Netanya"]
[Date "2019.06.27"]
[Round "5.31"]
[White "Nissim, Jonathan"]
[Black "Rozen, Eytan"]
[Result "0-1"]
[WhiteElo "2082"]
[BlackElo "2317"]
[PlyCount "88"]
[EventDate "2019.06.23"]
[EventType "swiss"]
[EventRounds "9"]
[EventCountry "ISR"]
[TimeControl "40/5400+30:1800+30"]

1. d4 Nf6 2. c4 e6 3. Nc3 Bb4 4. Qc2 d5 5. cxd5 exd5 6. Bg5 c5 7. dxc5 h6 8. Bh4 g5 9. Bg3 Ne4 10. e3 Qa5 11. Nge2 Bf5 12. Be5 O-O 13. Nd4 Re8 14. Nxf5 Rxe5 15. Nxh6+ Kg7 16. Ng4 Re7 17. Rc1 d4 18. a3 Bxc5 19. b4 Qxa3 20. bxc5 Qxc3+ 21. Qxc3 Nxc3 22. Bd3 Nd7 23. O-O Nxc5 24. Bc4 N5a4 25. exd4 Rc8 26. Bd3 Nb2 27. Bb5 Rec7 28. Rc2 Nxb5 29. Rxb2 Nxd4 30. f4 gxf4 31. Rxf4 Rc1+ 32. Kf2 Ne6 33. Re4 Nc5 34. Re3 a5 35. h4 f5 36. Ne5 f4 37. Rf3 Ne4+ 38. Ke2 Nc3+ 39. Kd2 Ne4+ 40. Kd3 Nc5+ 41. Kd2 Rg1 42. Rb5 Rxg2+ 43. Kd1 Rd8+ 44. Kc1 Rd5 0-1

[Event "Netanya Open 2019"]
[Site "Netanya"]
[Date "2019.06.27"]
[Round "5.32"]
[White "Gorodetzky, Matan"]
[Black "Levin, Guy"]
[Result "1/2-1/2"]
[WhiteElo "2316"]
[BlackElo "2052"]
[Annotator "RC"]
[PlyCount "106"]
[EventDate "2019.06.23"]
[EventType "swiss"]
[EventRounds "9"]
[EventCountry "ISR"]
[TimeControl "40/5400+30:1800+30"]

1. e4 c5 2. Nf3 d6 3. Bb5+ Bd7 4. Bxd7+ Nxd7 5. Qe2 Ngf6 6. O-O g6 7. c3 Bg7 8. d4 cxd4 9. cxd4 e6 10. Nc3 O-O 11. b3 Rc8 12. Bb2 a6 13. h3 Qa5 14. Qd3 b5 15. a3 Qc7 16. Rfc1 Qb7 17. Nd2 Bh6 18. Re1 Bxd2 19. Qxd2 d5 20. f3 Rc7 21. e5 Nh5 22. Na2 Rfc8 23. Bc3 Ng3 24. Qg5 Nf5 25. Qd2 Qa7 26. Rac1 Ne7 27. Kh1 Nc6 28. Red1 a5 29. Qd3 b4 30. Bb2 Qb6 31. a4 Ne7 32. g4 Rxc1 33. Bxc1 Qc6 34. Bg5 Kf8 35. Qe3 Qb6 36. Bh4 Ng8 37. Qd3 Qc6 38. Rc1 Qb7 39. Rf1 Qc6 40. Rf2 Nb8 41. f4 Qa6 42. Qe3 Nc6 43. f5 exf5 44. gxf5 Nce7 45. Bxe7+ Nxe7 46. Qh6+ Ke8 47. e6 fxe6 48. f6 Nf5 49. Qxh7 Qd3 50. f7+ Kf8 51. Qh8+ Kxf7 52. Qxc8 Qxh3+ 53. Kg1 Qg4+ 1/2-1/2

[Event "Netanya Open 2019"]
[Site "Netanya"]
[Date "2019.06.27"]
[Round "5.34"]
[White "Tzidkiya, Yeshaayahu"]
[Black "Cohen Revivo, Alon"]
[Result "1-0"]
[ECO "C40"]
[WhiteElo "2247"]
[BlackElo "2030"]
[PlyCount "77"]
[EventDate "2019.06.23"]
[EventType "swiss"]
[EventRounds "9"]
[EventCountry "ISR"]
[TimeControl "40/5400+30:1800+30"]

1. e4 e5 2. Nf3 d5 3. exd5 e4 4. Qe2 Nf6 5. d3 Qxd5 6. Nbd2 Nc6 7. Nxe4 Be6 8. Nc3 Qd7 9. Be3 O-O-O 10. Qd2 Bb4 11. Be2 h6 12. a3 Ba5 13. b4 Bb6 14. O-O Rhe8 15. Bxb6 axb6 16. a4 Bg4 17. a5 Bxf3 18. Bxf3 Nd4 19. Qd1 b5 20. a6 bxa6 21. Rxa6 Qf5 22. Bc6 Nxc6 23. Rxc6 Nd5 24. Nxb5 Re7 25. Rc5 Qf4 26. Na7+ Kb7 27. Nc6 Rd6 28. Nxe7 Nxe7 29. Rc4 Qf5 30. Qg4 Qb5 31. Rc5 Qd7 32. Qe4+ Kb8 33. Ra1 c6 34. Rca5 Nc8 35. Ra8+ Kb7 36. Qe3 c5 37. Qxc5 Rb6 38. Qxc8+ Qxc8 39. R1a7+ 1-0

[Event "Netanya Open 2019"]
[Site "Netanya"]
[Date "2019.06.27"]
[Round "5.35"]
[White "Tartakovsky, Daniel"]
[Black "Prraneeth Vuppala"]
[Result "0-1"]
[WhiteElo "2021"]
[BlackElo "2297"]
[PlyCount "126"]
[EventDate "2019.06.23"]
[EventType "swiss"]
[EventRounds "9"]
[EventCountry "ISR"]
[TimeControl "40/5400+30:1800+30"]

1. d4 Nf6 2. c4 e6 3. g3 d5 4. Nf3 dxc4 5. Bg2 a6 6. O-O Nc6 7. Nc3 Rb8 8. e4 Be7 9. Qe2 b5 10. Rd1 O-O 11. d5 exd5 12. e5 d4 13. exf6 Bxf6 14. Qe4 Bb7 15. Nd5 Nb4 16. Nxf6+ Qxf6 17. Qf4 c5 18. Qxf6 gxf6 19. Bf4 Rbd8 20. Bc7 Rc8 21. Bd6 Rfd8 22. Be7 Re8 23. Bxf6 Re6 24. Bg5 Be4 25. Bd2 Nd3 26. Ng5 Bxg2 27. Nxe6 Bf3 28. Nf4 Bxd1 29. Nxd3 cxd3 30. Rxd1 c4 31. Rc1 Kg7 32. Kg2 Kf6 33. f4 Ke6 34. Kf3 Kd5 35. a3 f6 36. g4 Ra8 37. Ba5 Re8 38. Re1 Rc8 39. Rc1 Rg8 40. h4 Re8 41. Re1 c3 42. bxc3 Rxe1 43. c4+ bxc4 44. Bxe1 c3 45. f5 d2 46. Bxd2 cxd2 47. Ke2 Ke4 48. Kxd2 Kf4 49. g5 Kxf5 50. gxf6 Kxf6 51. a4 Kf5 52. Kd3 Kg4 53. Kxd4 Kxh4 54. Kc5 h5 55. Kb6 Kg4 56. Kxa6 h4 57. Kb7 h3 58. a5 h2 59. a6 h1=Q+ 60. Kb8 Qb1+ 61. Ka8 Qe4+ 62. Kb8 Qb4+ 63. Ka8 Qc5 0-1

[Event "Netanya Open 2019"]
[Site "Netanya"]
[Date "2019.06.27"]
[Round "5.36"]
[White "Tifferet, Shaked"]
[Black "Gov, Guy"]
[Result "1/2-1/2"]
[WhiteElo "2236"]
[BlackElo "2006"]
[PlyCount "108"]
[EventDate "2019.06.23"]
[EventType "swiss"]
[EventRounds "9"]
[EventCountry "ISR"]
[TimeControl "40/5400+30:1800+30"]

1. e4 e6 2. d4 d5 3. Nd2 dxe4 4. Nxe4 Nf6 5. Nxf6+ gxf6 6. g3 Qd5 7. Nf3 Nc6 8. Bg2 Qe4+ 9. Qe2 Qxe2+ 10. Kxe2 e5 11. c3 Be6 12. Be3 Bc4+ 13. Kd1 O-O-O 14. Kc2 Bd5 15. Rhd1 Be4+ 16. Kc1 exd4 17. cxd4 Nb4 18. Ne1 Bxg2 19. Nxg2 Nd5 20. Nf4 Bg7 21. Nh5 Nxe3 22. fxe3 Bh6 23. Nf4 Bxf4 24. gxf4 Rhg8 25. Kc2 Rg2+ 26. Rd2 Rdg8 27. Rad1 f5 28. Kd3 Kd7 29. e4 fxe4+ 30. Kxe4 Re8+ 31. Kf3 Rg6 32. f5 Rg5 33. Kf4 f6 34. Rd3 Kd6 35. Rb3 Re2 36. Rf1 Rxh2 37. Rxb7 Rh4+ 38. Ke3 Rgg4 39. Rc1 Rh3+ 40. Kf2 c6 41. Re1 Rxd4 42. Re6+ Kd5 43. Rd7+ Kc5 44. Rxd4 Kxd4 45. Rxf6 Rh2+ 46. Kg3 Rxb2 47. Rxc6 Kd5 48. f6 Rb8 49. Ra6 Rf8 50. Rxa7 Rxf6 51. Rxh7 Ra6 52. Rh5+ Kd4 53. a4 Kc4 54. Kf3 Rxa4 1/2-1/2

[Event "Netanya Open 2019"]
[Site "Netanya"]
[Date "2019.06.27"]
[Round "5.37"]
[White "Kharlamov, Igor"]
[Black "Aroesti, Roee"]
[Result "0-1"]
[WhiteElo "2019"]
[BlackElo "2230"]
[PlyCount "72"]
[EventDate "2019.06.23"]
[EventType "swiss"]
[EventRounds "9"]
[EventCountry "ISR"]
[TimeControl "40/5400+30:1800+30"]

1. d4 d5 2. c4 e6 3. Nc3 c6 4. e3 Nf6 5. Nf3 Nbd7 6. Bd3 Bd6 7. O-O O-O 8. e4 dxc4 9. Bxc4 e5 10. Bb3 exd4 11. Qxd4 Qe7 12. Bg5 Ne5 13. Nxe5 Bxe5 14. Bxf6 Qxf6 15. Qe3 Bg4 16. Bd1 Be6 17. Be2 Rfd8 18. Rfd1 Rd4 19. Rxd4 Bxd4 20. Qf3 Kf8 21. Qxf6 Bxf6 22. Rd1 Bxc3 23. bxc3 Bxa2 24. f4 a5 25. Kf2 a4 26. Ke3 Bb3 27. Ra1 Ke7 28. e5 h6 29. Bd3 Ra5 30. c4 b5 31. Kd4 b4 32. c5 Bd5 33. Bc4 Bxc4 34. Kxc4 b3 35. Kb4 b2 36. Rb1 a3 0-1

[Event "Netanya Open 2019"]
[Site "Netanya"]
[Date "2019.06.27"]
[Round "5.38"]
[White "Uritsky, Yonathan"]
[Black "Bilych, Olexiy"]
[Result "0-1"]
[WhiteElo "1981"]
[BlackElo "2187"]
[PlyCount "60"]
[EventDate "2019.06.23"]
[EventType "swiss"]
[EventRounds "9"]
[EventCountry "ISR"]
[TimeControl "40/5400+30:1800+30"]

1. e4 c5 2. Nf3 e6 3. d4 cxd4 4. Nxd4 Nc6 5. Nc3 Qc7 6. g3 a6 7. Bg2 d6 8. O-O Bd7 9. Re1 Nf6 10. a4 Be7 11. Nb3 O-O 12. a5 Ne5 13. f4 Nc4 14. Qd3 Rfd8 15. h3 Be8 16. Qe2 Rac8 17. g4 Nd7 18. g5 Bf8 19. h4 g6 20. f5 Nde5 21. Bh3 Bd7 22. Rf1 Re8 23. Qf2 Rcd8 24. Ne2 exf5 25. exf5 Bc6 26. Nbd4 Be4 27. Ng3 d5 28. b3 Bc5 29. Bg2 Nf3+ 30. Bxf3 Bxd4 0-1

[Event "Netanya Open 2019"]
[Site "Netanya"]
[Date "2019.06.27"]
[Round "5.39"]
[White "Lukin, Elisha"]
[Black "Feldman, Antony"]
[Result "1-0"]
[WhiteElo "2207"]
[BlackElo "1972"]
[PlyCount "63"]
[EventDate "2019.06.23"]
[EventType "swiss"]
[EventRounds "9"]
[EventCountry "ISR"]
[TimeControl "40/5400+30:1800+30"]

1. d4 d5 2. c4 dxc4 3. e4 e5 4. Nf3 exd4 5. Bxc4 Nc6 6. O-O Be6 7. Bxe6 fxe6 8. Qb3 Qd7 9. Qxb7 Rb8 10. Qa6 Bd6 11. a3 Nf6 12. Nbd2 O-O 13. Qd3 Ng4 14. h3 Nge5 15. Nxe5 Nxe5 16. Qxd4 Nd3 17. e5 Nxe5 18. Qc3 Nd3 19. Nc4 Bf4 20. Be3 e5 21. Rad1 e4 22. Bxa7 Rb5 23. Ne3 Rg5 24. Qc4+ Kh8 25. Ng4 Rxg4 26. hxg4 Qxg4 27. Rxd3 exd3 28. Qxd3 h6 29. Re1 Qh5 30. g3 Bd6 31. Bd4 Qg4 32. Kg2 1-0

[Event "Netanya Open 2019"]
[Site "Netanya"]
[Date "2019.06.27"]
[Round "5.40"]
[White "Streltsov, Alexey"]
[Black "Kinberg, Ofer"]
[Result "1/2-1/2"]
[WhiteElo "2170"]
[BlackElo "1962"]
[PlyCount "126"]
[EventDate "2019.06.23"]
[EventType "swiss"]
[EventRounds "9"]
[EventCountry "ISR"]
[TimeControl "40/5400+30:1800+30"]

1. e4 e5 2. Nf3 Nc6 3. Bc4 Nf6 4. Ng5 d5 5. exd5 b5 6. dxc6 bxc4 7. Nc3 Bc5 8. Qe2 O-O 9. O-O Qd6 10. Qxc4 Qxc6 11. d3 Bb7 12. Nce4 Bxf2+ 13. Rxf2 Qxc4 14. Nxf6+ gxf6 15. dxc4 fxg5 16. Rf6 Be4 17. Bxg5 Rab8 18. b3 Bxc2 19. Re1 Rfe8 20. Rc6 Rb7 21. Bf6 e4 22. Rc5 Rb6 23. Bd4 Ra6 24. Re3 Rd8 25. Rg3+ Rg6 26. Rxg6+ hxg6 27. Be3 Rd1+ 28. Kf2 Ra1 29. Rxc7 Rxa2 30. b4 Bd3+ 31. Kg3 Ra4 32. Bd4 f5 33. Rg7+ Kf8 34. Rxg6 Bxc4 35. Kf4 a5 36. Rc6 Bd3 37. Kxf5 axb4 38. Ke6 Ra6 39. Rxa6 Bxa6 40. Bc5+ Kg7 41. Bxb4 Bf1 42. g4 Kg6 43. h4 e3 44. Ke5 Bb5 45. Kf4 e2 46. h5+ Kh6 47. Bd2 Bd7 48. Kg3+ Kh7 49. Kh4 Be8 50. Kg5 Bd7 51. Bb4 Be6 52. Kf4 Bf7 53. Kf5 Be8 54. Bd2 Bf7 55. Kf4 Be8 56. Kf3 Bb5 57. Kf2 Bd7 58. Kg3 Be8 59. Kf4 Bf7 60. Ke5 Bxh5 61. gxh5 e1=Q+ 62. Bxe1 Kh6 63. Kf5 Kxh5 1/2-1/2

[Event "Netanya Open 2019"]
[Site "Netanya"]
[Date "2019.06.27"]
[Round "5.41"]
[White "Guz, Ari"]
[Black "Ehrlich, Roy"]
[Result "1/2-1/2"]
[WhiteElo "2135"]
[BlackElo "1938"]
[PlyCount "101"]
[EventDate "2019.06.23"]
[EventType "swiss"]
[EventRounds "9"]
[EventCountry "ISR"]
[TimeControl "40/5400+30:1800+30"]

1. c4 e6 2. g3 Nf6 3. Bg2 d5 4. Nf3 Be7 5. O-O O-O 6. b3 c5 7. Bb2 Nc6 8. e3 dxc4 9. bxc4 Qc7 10. Qe2 b6 11. Nc3 Bb7 12. Rac1 Rac8 13. Rfd1 Rfd8 14. d3 Qb8 15. h3 Qa8 16. g4 Nb4 17. Ne1 Nd7 18. a3 Bxg2 19. Nxg2 Nc6 20. f4 a6 21. h4 Rb8 22. g5 b5 23. cxb5 axb5 24. h5 c4 25. h6 Nc5 26. d4 Nd3 27. Rxd3 cxd3 28. Qxd3 b4 29. axb4 Nxb4 30. Qd2 Nd5 31. Nd1 Qa2 32. e4 Nb6 33. Qd3 Na4 34. Ba1 Rdc8 35. Nc3 Qa3 36. Qd2 Nxc3 37. Bxc3 Bb4 38. Bb2 Bxd2 39. Rxc8+ Rxc8 40. Bxa3 gxh6 41. gxh6 Rc3 42. Be7 Rd3 43. Kf2 Rxd4 44. Kf3 f5 45. exf5 exf5 46. Bf6 Re4 47. Be5 Kf7 48. Nh4 Re3+ 49. Kf2 Rxe5 50. fxe5 Ke6 51. Nxf5 1/2-1/2

[Event "Netanya Open 2019"]
[Site "Netanya"]
[Date "2019.06.27"]
[Round "5.42"]
[White "Yaniv, Yuval"]
[Black "Regenbogen, Yoseph"]
[Result "1-0"]
[WhiteElo "2132"]
[BlackElo "1806"]
[PlyCount "63"]
[EventDate "2019.06.23"]
[EventType "swiss"]
[EventRounds "9"]
[EventCountry "ISR"]
[TimeControl "40/5400+30:1800+30"]

1. Nf3 d5 2. c4 d4 3. b4 b6 4. e3 dxe3 5. fxe3 e6 6. a3 Be7 7. d4 Nf6 8. Bd3 Bb7 9. Nc3 a5 10. b5 Nbd7 11. O-O Nf8 12. e4 Ng6 13. e5 Nd7 14. Kh1 Ndf8 15. Be4 Bxe4 16. Nxe4 h6 17. Bb2 Qd7 18. Nfd2 Nh7 19. Qh5 O-O 20. Rf3 Rac8 21. Raf1 Bd8 22. a4 Nh8 23. Ba3 Be7 24. Bxe7 Qxe7 25. Nf6+ Nxf6 26. exf6 Qb4 27. fxg7 Kxg7 28. Qe5+ Kh7 29. Ne4 Qe7 30. Nf6+ Kg7 31. Rg3+ Ng6 32. Nh5+ 1-0

[Event "Netanya Open 2019"]
[Site "Netanya"]
[Date "2019.06.27"]
[Round "5.43"]
[White "Gorshtein, Asaf"]
[Black "Lifshits, Raz"]
[Result "1-0"]
[WhiteElo "2109"]
[BlackElo "1749"]
[PlyCount "131"]
[EventDate "2019.06.23"]
[EventType "swiss"]
[EventRounds "9"]
[EventCountry "ISR"]
[TimeControl "40/5400+30:1800+30"]

1. e4 d6 2. d4 Nf6 3. Nc3 Nbd7 4. Be3 g6 5. f3 Bg7 6. Qd2 O-O 7. O-O-O c6 8. h4 b5 9. Kb1 b4 10. Nce2 Qa5 11. g4 h5 12. gxh5 Nxh5 13. Nh3 e5 14. Rg1 Ndf6 15. Ng5 Ba6 16. Ng3 Bxf1 17. Rdxf1 Nxg3 18. Rxg3 Nh5 19. Rgg1 c5 20. dxc5 dxc5 21. Qd5 Rac8 22. Rd1 Nf6 23. Qc4 Rc6 24. Rd3 a6 25. Rgd1 Qb5 26. Qxb5 axb5 27. Rd6 Rfc8 28. Rxc6 Rxc6 29. Rd8+ Bf8 30. Rb8 Nd7 31. Rxb5 f6 32. Nh3 Nb6 33. b3 Kf7 34. Nf2 Nd7 35. Nd3 Ke6 36. Nb2 Nb6 37. Nd3 Nd7 38. Nb2 Nb6 39. Nc4 Nxc4 40. bxc4 Kd7 41. Rb8 Rc8 42. Rxc8 Kxc8 43. c3 bxc3 44. Kc2 Kb7 45. Kxc3 Bd6 46. Kd3 Kc6 47. Bd2 Bc7 48. Bc3 Kd6 49. f4 Ke6 50. fxe5 fxe5 51. a4 Kd6 52. Ke3 Bd8 53. Be1 Ke6 54. Kf3 Kd7 55. Kg4 Ke6 56. Bd2 Bf6 57. Ba5 Kd6 58. Bb6 Kc6 59. a5 Be7 60. h5 gxh5+ 61. Kxh5 Bf8 62. Kg6 Bd6 63. Kf6 Kd7 64. a6 Kc6 65. a7 Kb7 66. Ke6 1-0

[Event "Netanya Open 2019"]
[Site "Netanya"]
[Date "2019.06.27"]
[Round "5.44"]
[White "Neiman, Maks"]
[Black "Brenner, Moshe"]
[Result "1/2-1/2"]
[WhiteElo "1954"]
[BlackElo "2098"]
[PlyCount "52"]
[EventDate "2019.06.23"]
[EventType "swiss"]
[EventRounds "9"]
[EventCountry "ISR"]
[TimeControl "40/5400+30:1800+30"]

1. d4 f5 2. Nc3 d5 3. Nf3 Nf6 4. Bg5 e6 5. e3 Be7 6. Ne5 O-O 7. Bd3 Nbd7 8. Nxd7 Bxd7 9. O-O b6 10. Ne2 c5 11. c4 dxc4 12. Bxc4 b5 13. Bb3 c4 14. Bc2 Bc6 15. b3 Bd6 16. Bf4 g5 17. Bxg5 Bxh2+ 18. Kh1 Bd6 19. f3 Qe8 20. Bf4 Bxf4 21. Nxf4 Nh5 22. Nxh5 Qxh5+ 23. Kg1 Rac8 24. a4 a6 25. axb5 axb5 26. Ra5 Bd5 1/2-1/2

[Event "Netanya Open 2019"]
[Site "Netanya"]
[Date "2019.06.27"]
[Round "5.45"]
[White "Axelrod, Arie"]
[Black "Sobel, Alon"]
[Result "1-0"]
[WhiteElo "2224"]
[BlackElo "1704"]
[PlyCount "93"]
[EventDate "2019.06.23"]
[EventType "swiss"]
[EventRounds "9"]
[EventCountry "ISR"]
[TimeControl "40/5400+30:1800+30"]

1. e4 c5 2. Nf3 e6 3. c3 d6 4. d4 cxd4 5. cxd4 Nf6 6. Nc3 Be7 7. Bd3 O-O 8. h4 h5 9. Qe2 Nc6 10. e5 dxe5 11. dxe5 Ng4 12. Bf4 a6 13. O-O Qc7 14. Ne4 b5 15. Bg3 Qb6 16. Neg5 Bb7 17. Qe4 g6 18. Qf4 Nb4 19. Be4 Nd5 20. Qd2 Rfd8 21. Qc1 Rac8 22. Qb1 Kg7 23. Nxf7 Nc3 24. bxc3 Bxe4 25. Qxe4 Kxf7 26. Rac1 Rc4 27. Nd4 Bc5 28. f3 Bxd4+ 29. cxd4 Rdxd4 30. fxg4+ Kg7 31. Bf2 Rxe4 32. Bxb6 Rxg4 33. Bd8 Rgf4 34. Bf6+ Kf7 35. Bg5 Rxc1 36. Rxc1 Ra4 37. Rc7+ Kf8 38. a3 Kg8 39. Be7 Re4 40. Bd6 Rxh4 41. Re7 Rg4 42. Rxe6 Kf7 43. Re7+ Kg8 44. e6 Rd4 45. Re8+ Kh7 46. e7 Rxd6 47. Rd8 1-0

[Event "Netanya Open 2019"]
[Site "Netanya"]
[Date "2019.06.27"]
[Round "5.46"]
[White "Friedland, Eldar"]
[Black "Hasidovsky, Michael"]
[Result "0-1"]
[WhiteElo "1939"]
[BlackElo "2135"]
[PlyCount "50"]
[EventDate "2019.06.23"]
[EventType "swiss"]
[EventRounds "9"]
[EventCountry "ISR"]
[TimeControl "40/5400+30:1800+30"]

1. d4 Nf6 2. c4 e6 3. Nc3 d5 4. cxd5 exd5 5. Bg5 c6 6. e3 Be7 7. Qc2 Nbd7 8. Bd3 Nf8 9. Nge2 Ne6 10. Bh4 g6 11. O-O Ng7 12. f3 O-O 13. e4 dxe4 14. fxe4 Ne6 15. e5 Nxd4 16. Nxd4 Qxd4+ 17. Bf2 Qxe5 18. Rae1 Qd6 19. Bg3 Qd8 20. Bh4 Be6 21. Bxg6 hxg6 22. Rxe6 fxe6 23. Qxg6+ Kh8 24. Ne4 Qd4+ 25. Kh1 Qxe4 0-1

[Event "Netanya Open 2019"]
[Site "Netanya"]
[Date "2019.06.27"]
[Round "5.47"]
[White "Zalkind, Konstantin"]
[Black "Vagman, Roy"]
[Result "1-0"]
[WhiteElo "2116"]
[BlackElo "1918"]
[PlyCount "81"]
[EventDate "2019.06.23"]
[EventType "swiss"]
[EventRounds "9"]
[EventCountry "ISR"]
[TimeControl "40/5400+30:1800+30"]

1. Nf3 Nf6 2. c4 g6 3. Nc3 d5 4. cxd5 Nxd5 5. Qa4+ Bd7 6. Qh4 Nb6 7. d4 e6 8. Bg5 Be7 9. Qh6 Bxg5 10. Nxg5 Qe7 11. Qg7 Qf8 12. Qf6 h6 13. Nge4 Bc6 14. Qe5 N8d7 15. Qg3 Qb4 16. Nd2 Qxb2 17. Rb1 Qa3 18. e4 Qd6 19. Qe3 O-O-O 20. Be2 h5 21. O-O Ne5 22. Nb3 Ng4 23. Qg3 Qxg3 24. hxg3 Nf6 25. f3 Nbd7 26. Rfc1 b6 27. Na5 Nb8 28. Ba6+ Nxa6 29. Nxc6 Rd7 30. Nb5 Kb7 31. Nbxa7 Ra8 32. Nb5 Nb8 33. Ne5 Re7 34. Rc2 Ra5 35. Nc4 Ra4 36. Rbc1 Rb4 37. Nxc7 Kxc7 38. Na5+ Kd6 39. Nc6 Na6 40. e5+ Kd7 41. Nxb4 1-0

[Event "Netanya Open 2019"]
[Site "Netanya"]
[Date "2019.06.27"]
[Round "5.48"]
[White "Itzhaky, Shmuel"]
[Black "Gerchikov, Pavel"]
[Result "1-0"]
[WhiteElo "2134"]
[BlackElo "1911"]
[PlyCount "93"]
[EventDate "2019.06.23"]
[EventType "swiss"]
[EventRounds "9"]
[EventCountry "ISR"]
[TimeControl "40/5400+30:1800+30"]

1. d4 Nf6 2. Bg5 Ne4 3. Bf4 h6 4. e3 c6 5. Bd3 d5 6. Ne2 Nd7 7. Bxe4 dxe4 8. Nbc3 g5 9. Bg3 f5 10. Nf4 Nf6 11. Ng6 Rg8 12. Ne5 Be6 13. f3 Qb6 14. O-O O-O-O 15. Na4 Qa5 16. Nc5 Qxc5 17. dxc5 Rxd1 18. Raxd1 Nd5 19. Rfe1 Bg7 20. fxe4 fxe4 21. a3 h5 22. h3 h4 23. Bh2 Bf6 24. c4 Nc7 25. Rd4 g4 26. hxg4 Bxg4 27. Rxe4 Bf5 28. Rf4 Be6 29. Rf2 h3 30. Bf4 Bh4 31. g3 Bxg3 32. Bxg3 Rxg3+ 33. Kh2 Rg8 34. Rg1 Rh8 35. Rgf1 Kd8 36. Rf8+ Rxf8 37. Rxf8+ Ne8 38. b4 a6 39. a4 Bc8 40. Nf7+ Kd7 41. Ne5+ Kd8 42. b5 Bd7 43. Nxd7 Kxd7 44. b6 Ng7 45. Rb8 Ne6 46. Rxb7+ Kd8 47. Rxe7 1-0

[Event "Netanya Open 2019"]
[Site "Netanya"]
[Date "2019.06.27"]
[Round "5.49"]
[White "Sheinkman, Lidan"]
[Black "Slobodiansky, Steven"]
[Result "0-1"]
[ECO "E11"]
[WhiteElo "1863"]
[BlackElo "2088"]
[PlyCount "82"]
[EventDate "2019.06.23"]
[EventType "swiss"]
[EventRounds "9"]
[EventCountry "ISR"]
[TimeControl "40/5400+30:1800+30"]

1. d4 Nf6 2. c4 e6 3. Nf3 Bb4+ 4. Bd2 a5 5. g3 O-O 6. Bg2 d6 7. O-O Bxd2 8. Nbxd2 Qe7 9. Qc2 e5 10. e4 Bg4 11. b3 Nfd7 12. dxe5 dxe5 13. Nh4 Nc6 14. Ndf3 Nc5 15. h3 Bxf3 16. Nxf3 Ne6 17. Rfd1 Ned4 18. Qb2 Nxf3+ 19. Bxf3 Nd4 20. Rxd4 exd4 21. Qxd4 Rfd8 22. Qb2 Qc5 23. Kg2 Rd3 24. Rc1 Rad8 25. Rc2 Qd4 26. Qc1 Rd2 27. Rxd2 Qxd2 28. Qa3 Qb4 29. Qb2 Qc5 30. e5 c6 31. Bg4 Re8 32. e6 f5 33. Bf3 Rxe6 34. Qd2 h6 35. Qd8+ Kh7 36. Qc8 Rd6 37. Qe8 Rd2 38. Be2 Qd4 39. Qh5 g6 40. Qf3 Qe4 41. a4 Rxe2 0-1

[Event "Netanya Open 2019"]
[Site "Netanya"]
[Date "2019.06.27"]
[Round "5.50"]
[White "Mizrahi, Ido"]
[Black "Leib, Daniel"]
[Result "1-0"]
[WhiteElo "2101"]
[BlackElo "1897"]
[PlyCount "59"]
[EventDate "2019.06.23"]
[EventType "swiss"]
[EventRounds "9"]
[EventCountry "ISR"]
[TimeControl "40/5400+30:1800+30"]

1. d4 d5 2. c4 e6 3. Nc3 Nf6 4. cxd5 exd5 5. Bg5 Be7 6. e3 O-O 7. Qc2 Be6 8. Bd3 h6 9. Bh4 b6 10. Nge2 c5 11. O-O Nc6 12. Bf5 Qd7 13. Bxe6 fxe6 14. Rad1 Nh5 15. Bxe7 Qxe7 16. dxc5 bxc5 17. Na4 Rac8 18. Qxc5 Qh4 19. b3 Ne5 20. Qd4 Qf6 21. Nc5 Qf5 22. h3 Nc6 23. Qg4 Nf6 24. Qxf5 exf5 25. Nf4 Rfd8 26. Rc1 Ne4 27. Rfd1 Nb4 28. Nce6 Nxa2 29. Ra1 Nac3 30. Rxa7 1-0